 Dungeon Crawl Stone Soup version 0.29.1-12-g30fa7ad0bf (webtiles) character file.

Game seed: 15451057686378488878

89 FexLirch the Trooper (level 4, -2/28 (38) HPs)
             Began as a Palentonga Fighter on Dec 30, 2022.
             Slain by Jessica
             ... wielding a +1 dagger of draining
              (3 damage)
             ... on level 3 of the Dungeon.
             The game lasted 00:03:37 (1976 turns).

FexLirch the Trooper (Palentonga Fighter)           Turns: 1976, Time: 00:03:38

HP:   -2/28 (38)    AC:  7    Str: 21 (22) XL:     4   Next: 31%
MP:   4/4           EV:  8    Int:  6 (8)  God:
Gold: 116           SH:  4    Dex:  6 (9)  Spells: 3/3 levels left

rFire   . . .      SeeInvis +   a - +0 flail
rCold   . . .      Faith    .   c - +0 buckler
rNeg    . . .      Spirit   .   g - +0 ring mail
rPois   .          Reflect  .   i - +0 helmet
rElec   .          Harm     .   (no cloak)
rCorr   .          Rampage  .   (no gloves)
Will    .....                   (no barding)
Stlth   ..........              (no amulet)
HPRegen 0.09/turn               (no ring)
MPRegen 0.09/turn               (no ring)

@: brilliant, attractive, flying, very heavily drained
A: large, rugged brown scales 3, see invisible, deformed body, roll 1, armoured
tail, weak 1
a: Rolling Charge


You were on level 3 of the Dungeon.
You visited 1 branch of the dungeon, and saw 3 of its levels.

You collected 116 gold pieces.

Inventory:

Hand Weapons
 a - a +0 flail (weapon)
Missiles
 m - 6 poisoned darts
Armour
 b - a +0 scale mail
 c - a +0 buckler (worn)
 g - a +0 ring mail (worn)
 i - a +0 helmet (worn)
Scrolls
 e - a scroll of noise {unknown}
 f - a scroll of brand weapon {unknown}
 h - a scroll of identify
 j - a scroll of teleportation {unknown}
 p - a scroll of summoning {unknown}
 q - a scroll of amnesia {unknown}
Potions
 d - a potion of might
 k - a potion of resistance


   Skills:
 + Level 3.6 Fighting
 * Level 3.5 Maces & Flails
 - Level 2.4 Armour
 + Level 3.2 Shields


You had 3 spell levels left.
You didn't know any spells.
Your spell library was empty.

Dungeon Overview and Level Annotations

Branches:
Dungeon (3/15)

Altars:

Annotations:
D:3 Jessica


Innate Abilities, Weirdness & Mutations

You are completely covered in rugged brown scales. (AC +3, +7% HP)
You have supernaturally acute eyesight. (SInv)
Armour fits poorly on your strangely shaped body.
You can roll at nearby foes to attack.
You have a long armoured tail.
You are weak. (Str -2)


Message History

Unknown command.
Unknown command.
Unknown command.
Unknown command.
Unknown command.
You barely miss Jessica.
Jessica is moderately wounded.
The ball python bites you.
* * * LOW HITPOINT WARNING * * *
Jessica hits you but does no damage.
You feel drained.
It was a potion of degeneration.
There was something very wrong with that liquid.
You feel weakened.
You feel dopey.
You feel clumsy.
The ball python bites you but does no damage.
Jessica hits you with a +1 dagger of draining.
* * * LOW HITPOINT WARNING * * *
You feel drained.
* * * LOW HITPOINT WARNING * * *
The ball python bites you but does no damage.
Unknown command.
It was a potion of magic.
Magic courses through your body. You block the ball python's attack.
You block Jessica's attack.
It was a potion of brilliance.
You feel clever all of a sudden. The ball python closely misses you.
You block Jessica's attack.
It was a potion of mutation.
You feel extremely strange.
You feel weaker. The ball python barely misses you.
Jessica hits you but does no damage.
You feel drained.
It was a potion of flight.
You feel very buoyant.
You fly up into the air.
The ball python bites you.
* * * LOW HITPOINT WARNING * * *
Jessica hits you but does no damage.
You feel drained.
It was a potion of attraction.
You feel attractive to monsters. The ball python bites you.
* * * LOW HITPOINT WARNING * * *
Jessica hits you with a +1 dagger of draining.
You die...

#.##.. ...... .... .....
..##.####...# #...##!
...... ...... ......
#..#.####...# #...# # #
# ....##...###...##.#.#
# #.#..................
# #.#...............#.#
####.#.#.....?..@@......
.................S......
........................
####.#(.................
# #.............###.#.#
+...........>..#.# .# #
######.#.....###.# #
#.#....^.....
#.#.....###


You could see Jessica and a ball python.

Vanquished Creatures
  An iguana (D:3)
  An adder (D:2)
  2 worms (D:2)
  A dart slug (D:1)
  2 ball pythons (D:2)
  4 endoplasms
  3 giant cockroaches
  7 hobgoblins
  4 quokkas
  3 bats
  4 frilled lizards
  2 goblins (D:2)
  4 kobolds
  6 rats
44 creatures vanquished.

Notes
Turn   | Place    | Note
-------+----------+-------------------------------------------
     0 | D:1      | FexLirch the Palentonga Fighter began the quest for the
                  | Orb.
     0 | D:1      | Reached XP level 1. HP: 19/19 MP: 1/1
   282 | D:1      | Reached XP level 2. HP: 25/25 MP: 2/2
  1069 | D:2      | Reached XP level 3. HP: 31/31 MP: 3/3
  1795 | D:3      | Reached XP level 4. HP: 23/38 MP: 4/4
  1962 | D:3      | Noticed Jessica
  1974 | D:3      | Gained mutation: You are weak. (Str -2) [potion of
                  | mutation]
  1976 | D:3      | HP: 1/28 [ball python (1)]
  1976 | D:3      | Slain by Jessica

Illustrated notes

Levels and vault maps discovered:
D:1:      lightli_arrival_boilingwater, layout_basic
D:2:      layout_loops_ring, st_stairs_3
D:3:      layout_basic, nicolae_overflow_hidden_temple, uniq_crazy_yiuf_cottage,
          uniq_sigmund, uniq_jessica

Skill      XL: |  1  2  3 |
---------------+----------+-----
Shields        | 3 |  3.2
Maces & Flails | 3 |  3.5
Fighting       | |  3.6
Armour         | |  2.4

Action                   |  1- 3 |  4- 6 || total
-------------------------+-------+-------++-------
Melee: Flail             |   101 |     9 ||   110
       Tailslap          |    13 |       ||    13
 Abil: Rolling Charge    |       |     2 ||     2
  Use: Scroll            |     1 |       ||     1
       Potion            |       |     6 ||     6
Armor: Scale mail        |    17 |       ||    17
       Ring mail         |    30 |     8 ||    38
Dodge: Dodged            |    34 |     6 ||    40
Block: Buckler           |    14 |     5 ||    19
